 Dungeon Crawl Stone Soup version 0.29.1-13-g9f3cf754e1 (webtiles) character file.

Game seed: 5953826721633445279

101 KittyFluff the Cudgeller (level 4, -4/43 HPs)
             Began as a Gargoyle Berserker on Jan 22, 2023.
             Was a Believer of Trog.
             Slain by Sigmund
             ... wielding a +0 scythe
              (6 damage)
             ... on level 3 of the Dungeon.
             The game lasted 00:08:37 (2450 turns).

KittyFluff the Cudgeller (Gargoyle Berserker)       Turns: 2450, Time: 00:08:38

Health: -4/43      AC:  7    Str: 21    XL:     4   Next: 75%
Magic:  4/4        EV: 12    Int: 13    God:    Trog [**....]
Gold:   191        SH:  0    Dex: 11    Spells: 3/3 levels left

rFire   . . .      SeeInvis .   a - +0 mace
rCold   . . .      Faith    .   (no shield)
rNeg    + . .      Spirit   .   u - +0 leather armour
rPois   ∞          Reflect  .   (no helmet)
rElec   +          Harm     .   (no cloak)
rCorr   +          Rampage  .   (no gloves)
Will    .....                   (no boots)
Stlth   ..........              (no amulet)
HPRegen 0.14/turn               o - ring of resist corrosion
MPRegen 0.09/turn               n - +6 ring of intelligence

@: berserking, very quick
A: sickness immunity, AC +3, negative energy resistance 1, electricity
resistance, torment resistance 1, petrification resistance
a: Renounce Religion, Berserk, Trog's Hand


You were on level 3 of the Dungeon.
You worshipped Trog.
Trog was pleased with you.
You visited 1 branch of the dungeon, and saw 3 of its levels.

You collected 191 gold pieces.

Inventory:

Hand Weapons
 a - a +0 mace (weapon)
 q - a +0 sling
Missiles
 j - 13 stones (quivered)
 m - 6 poisoned darts
Armour
 k - a +0 scale mail
 u - a +0 leather armour (worn)
Jewellery
 n - a +6 ring of intelligence (right hand)
 o - a ring of resist corrosion (left hand)
Scrolls
 b - a scroll of torment {unknown}
 e - 4 scrolls of teleportation {unknown}
 f - a scroll of enchant armour {unknown}
 h - 2 scrolls of identify {unknown}
 i - a scroll of amnesia {unknown}
 l - a scroll of poison {unknown}
 r - a scroll of immolation {unknown}
 t - a scroll of brand weapon {unknown}
Potions
 c - a potion of cancellation {unknown}
 d - 2 potions of mutation {unknown}
 g - a potion of attraction {unknown}
 p - 2 potions of resistance {unknown}
 s - 2 potions of curing {unknown}


   Skills:
 + Level 3.8 Fighting
 + Level 4.0 Maces & Flails
 * Level 2.9 Armour
 + Level 2.1 Dodging
 + Level 1.1 Stealth


You had 3 spell levels left.
You didn't know any spells.
Your spell library was empty.

Dungeon Overview and Level Annotations

Branches:
Dungeon (3/15)

Altars:
Fedhas

Annotations:
D:3 Sigmund


Innate Abilities, Weirdness & Mutations

You are immune to sickness and miasma.
Your stone body is resilient. (AC +3)
You are immune to poison.
You resist negative energy. (rN+)
You are resistant to electric shocks. (rElec)
You are resistant to unholy torment.
You are immune to petrification.


Message History

The puff of flame misses you.
The giant cockroach attacks as you move away!
The giant cockroach completely misses you.
You hit the giant cockroach.
You kill the giant cockroach!
Trog accepts your kill. Sigmund hits you with a +0 scythe!
You sock Sigmund!
Sigmund is moderately wounded.
You hit Sigmund.
Sigmund is heavily wounded.
Sigmund completely misses you.
You barely miss Sigmund.
Sigmund is heavily wounded.
Sigmund closely misses you.
You barely miss Sigmund.
Sigmund is heavily wounded.
Sigmund casts a spell at you. The puff of flame hits you!
You sock Sigmund!
Sigmund is severely wounded.
Sigmund closely misses you.
You hit Sigmund.
Sigmund is severely wounded.
Sigmund barely misses you.
You closely miss Sigmund.
Sigmund is severely wounded.
Sigmund hits you with a +0 scythe!
* * * LOW HITPOINT WARNING * * *
You closely miss Sigmund.
Sigmund is severely wounded.
A red film seems to cover your vision as you go berserk!
You feel yourself moving faster!
You feel mighty! Sigmund hits you with a +0 scythe.
* * * LOW HITPOINT WARNING * * *
You completely miss Sigmund.
Sigmund is severely wounded.
Sigmund looks at you with fury. Sigmund hits you with a +0 scythe.
You die...

########....#
............# ###
...#...#....# ..
............# ..
...#...##.###
##.## ........#.#
#... #########.#
#..####.#
....#####.#
#@......#
..........## #@#
......####.#####.#
......# #........#
......####.#######
#..........#
....#####†## #####
##.## #...# #...#


You could see Sigmund.

Vanquished Creatures
  5 adders
  5 dart slugs
  3 bats
  6 endoplasms
  2 giant cockroaches (D:3)
  6 goblins
  2 hobgoblins (D:1)
  3 quokkas
  4 ball pythons
  2 frilled lizards
  5 kobolds
  3 rats
46 creatures vanquished.

Notes
Turn   | Place    | Note
-------+----------+-------------------------------------------
     0 | D:1      | KittyFluff the Gargoyle Berserker began the quest for the
                  | Orb.
     0 | D:1      | Reached XP level 1. HP: 14/14 MP: 1/1
   225 | D:1      | Reached XP level 2. HP: 12/19 MP: 2/2
  1053 | D:2      | Reached XP level 3. HP: 15/23 MP: 3/3
  1248 | D:2      | Identified the +10 hand axe of Ru's Wrath {flame, Str+9
                  | Dex+2}
  1700 | D:2      | Reached XP level 4. HP: 25/29 MP: 4/4
  1775 | D:3      | Reached ** piety under Trog
  1835 | D:3      | Reached skill level 4 in Maces & Flails
  1839 | D:3      | Reached skill level 1 in Stealth
  2161 | D:3      | Found a faded altar of an unknown god.
  2387 | D:3      | Found a blossoming altar of Fedhas.
  2435 | D:3      | Noticed Sigmund
  2449 | D:3      | HP: 2/43 [Sigmund/+0 scythe (2)]
  2450 | D:3      | Slain by Sigmund

Illustrated notes

Levels and vault maps discovered:
D:1:      minmay_arrival_up_and_down, layout_rooms
D:2:      layout_rooms
D:3:      layout_loops_cross, lemuel_coloured_pillars_altar,
          ebering_ecumenical_altar_webs, uniq_sigmund

Skill      XL: |  1  2  3  4 |
---------------+-------------+-----
Dodging        | 2 |  2.1
Maces & Flails | 4 |  4.0
Stealth        | 1 |  1.1
Fighting       | |  3.8
Armour         | |  2.9

Action                   |  1- 3 |  4- 6 || total
-------------------------+-------+-------++-------
Melee: Mace              |    90 |    60 ||   150
Invok: Berserk           |       |     1 ||     1
 Stab: Sleeping          |       |     1 ||     1
Armor: Animal skin       |    36 |     9 ||    45
       Leather armour    |       |     2 ||     2
Dodge: Dodged            |    73 |    42 ||   115
